Map: Orbital Shipyard

Players

SticklerMac

  • Race: Zerg Zerg
  • League: Silver

Catan - Winner!

  • Race: Terran Terran
  • League: Silver

VOD

Have the link to the VOD?

Description

Time

  • Played on: Sept. 28, 2015, 10:11 p.m.
  • Length: 3:42
Show
View Real Time Build Order
Export as new Build Order

SticklerMac Zerg 

Build Orders: Hatch First 

Get SALT Encoding   

  12  0:01  Drone  
  13  0:08  Drone  
  14  0:17  Overlord  
  14  0:23  Extractor  
  14  0:24  Drone  
  15  0:35  Drone x2  
  17  0:54  Hatchery  
  16  0:57  Drone  
  16  1:02  Drone  
  18  1:05  Extractor  
  17  1:16  Spawning Pool  
  16  1:26  Drone x2  
  16  1:27  Drone  
  19  1:38  Drone  
  20  1:59  Overlord  
  20  2:04  Queen  
  20  2:06  Queen  
  20  2:08  Drone  
  25  2:13  Drone  
  26  2:18  Drone  
  27  2:26  Drone  
  28  2:32  Drone x2  
  30  2:38  Baneling Nest  
  30  2:39  Drone  
  30  2:45  Drone  
  30  3:02  Zergling x6  
  30  3:03  Queen  
  28  3:12  Zergling x4  
  22  3:19  Zergling x4  
Show
View Real Time Build Order
Export as new Build Order

Catan Terran - Winner!

Build Orders:  

Get SALT Encoding   

  12  0:00  SCV  
  13  0:13  SCV  
  14  0:19  Supply Depot  
  14  0:25  SCV  
  15  0:40  SCV  
  16  1:02  Barracks  
  16  1:05  Barracks  
  16  1:08  Barracks  
  16  1:10  SCV  
  17  1:22  SCV  
  18  1:34  SCV  
  19  1:48  Orbital Command  
  19  1:49  Marine  
  19  1:51  Supply Depot  
  19  1:52  Marine  
  21  1:55  Marine  
  22  2:07  Marine  
  23  2:13  Marine x2  
  25  2:24  Marine  
  26  2:30  Marine  
  26  2:31  Marine  
  28  2:42  Marine  
  29  2:48  Marine x2  
  31  3:00  Marine  
  28  3:06  Marine x2  
  27  3:18  Marine  
  23  3:24  Marine  
Tags
 
Add a new tag
Caveats
  • Supply blocks, unpowered buildings, or Contaminate may cause inaccurate times.
  • Supply counts are checked every 10 seconds.